AoeStats
← Barn3tt

Arabian Desert

510769716Analyzed
1v1 RM · 20h ago on Oct 2, 2026· 23m 3s· 2 players
Game mode
Random Map
Map size
Tiny (2 player)
Population
200
Speed
Normal
Resources
Standard
Victory
Conquest
Starting age
Dark Age
Ending age
Imperial Age
RankedLock teamsTeams togetherTeam positionsShared explorationLock speedFull tech treeHidden civsTurbo modeCheats
Victory
Defeat
🇬🇧 Varangians · United Kingdom
1113
+15
🇺🇸 Varangians · United States
1098
-15
Barn3tt
5:43 Loom
8:47 Feudal Age
15:06 Double-Bit Axe
16:50 Horse Collar
21:34 Castle Age
20:43 Bloodlines
20:29 Gold Mining
20:44 Fletching
21:43 Padded Archer Armor
22:31 Wheelbarrow
Stephh-mo
5:12 Loom
10:02 Feudal Age
16:01 Double-Bit Axe
17:08 Horse Collar
19:35 Castle Age
18:22 Bloodlines
21:26 Husbandry
Connection lost

Rejoining the realm…

Still unreachable

The connection could not be restored.

Session expired

The server has moved on; the page needs a fresh start.